| TOP OF THE 1ST |
|
Roswell Invaders batting - Pitching for Americus Braves : LHP Jose Ruiz
|
|
Pitching: LHP Jose Ruiz
|
|
|
Batting: LHB Danny Salas
|
0-0: Ball 1-0: Called Strike 1-1: Foul Ball, location: 2F 1-2: Strikes out looking
|
|
Batting: RHB Hector Tabares
|
0-0: Fly out, F7 (Line Drive, 7, EV 93.1 MPH)
|
|
Batting: RHB Cesar Rendon
|
0-0: Called Strike 0-1: Ball 1-1: Called Strike 1-2: Ground out 6-3 (Groundball, 6, EV 83.1 MPH)
|
| Top of the 1st over - 0 runs, 0 hits, 0 errors, 0 left on base; Roswell 0 - Americus 0 |
| BOTTOM OF THE 1ST |
|
Americus Braves batting - Pitching for Roswell Invaders : RHP Toshihiro Nagao
|
|
Pitching: RHP Toshihiro Nagao
|
|
|
Batting: RHB Carlos Livas
|
0-0: Ball 1-0: Foul Ball, location: 2F 1-1: Ball 2-1: SINGLE (Line Drive, 6D, EV 107.5 MPH)
|
|
Batting: LHB Mitsujiro Tanaka
|
0-0: Ball Carlos Livas is caught stealing 2nd base 2-6 1-0: Ground out 4-3 (Groundball, 34D, EV 101.2 MPH)
|
|
Batting: SHB Karl Starnes
|
0-0: Ball 1-0: Called Strike 1-1: Ball 2-1: Ball 3-1: Foul Ball, location: 2F 3-2: Fly out, F8 (Flyball, 8RD, EV 100.6 MPH)
|
| Bottom of the 1st over - 0 runs, 1 hit, 0 errors, 0 left on base; Roswell 0 - Americus 0 |
| TOP OF THE 2ND |
|
Roswell Invaders batting - Pitching for Americus Braves : LHP Jose Ruiz
|
|
Batting: RHB Jimmy McIntosh
|
0-0: Called Strike 0-1: Foul Ball, location: 2F 0-2: SINGLE (Line Drive, 8RS, EV 108.1 MPH)
|
|
Batting: LHB Falco van Koeveringe
|
0-0: Called Strike 0-1: Foul Ball, location: 2F 0-2: Ball 1-2: Ball 2-2: Strikes out swinging
|
|
Batting: RHB John Ricketts
|
0-0: Ball 1-0: Fly out, F8 (Flyball, 78M, EV 80.6 MPH)
|
|
Batting: RHB David Powell
|
0-0: Swinging Strike 0-1: Ball Wild Pitch! Jimmy McIntosh to second 1-1: Called Strike 1-2: Ball 2-2: Foul Ball, location: 2F 2-2: Strikes out looking
|
| Top of the 2nd over - 0 runs, 1 hit, 0 errors, 1 left on base; Roswell 0 - Americus 0 |
| BOTTOM OF THE 2ND |
|
Americus Braves batting - Pitching for Roswell Invaders : RHP Toshihiro Nagao
|
|
Batting: RHB Costantino Dolfini
|
0-0: Ball 1-0: SOLO HOME RUN (Flyball, 7LD, EV 97.5 MPH), Distance : 367 ft
|
|
Batting: RHB Yutaka Yamane
|
0-0: Called Strike 0-1: Ball 1-1: Ball 2-1: Ball 3-1: Ground out U3 (Groundball, 3L, EV 106.9 MPH)
|
|
Batting: LHB Ivan Castillo
|
0-0: Foul Ball, location: 2F 0-1: SINGLE (Groundball, 4MD, EV 103.1 MPH) (infield hit)
|
|
Batting: RHB Danny Dimas
|
0-0: Swinging Strike 0-1: Foul Ball, location: 2F 0-2: Strikes out swinging
|
|
Batting: RHB Paul Holland
|
0-0: Ball 1-0: Called Strike 1-1: Foul Ball, location: 2F 1-2: TRIPLE (Flyball, 9LD, EV 108.8 MPH) Ivan Castillo scores
|
|
Batting: RHB Roberto Rios
|
0-0: Ground out 4-3 (Groundball, 34, EV 78.8 MPH)
|
| Bottom of the 2nd over - 2 runs, 3 hits, 0 errors, 1 left on base; Roswell 0 - Americus 2 |
| TOP OF THE 3RD |
|
Roswell Invaders batting - Pitching for Americus Braves : LHP Jose Ruiz
|
|
Batting: LHB Angelo Lira
|
0-0: Swinging Strike 0-1: Foul Ball, location: 2F 0-2: Ball 1-2: Fly out, F9 (Flyball, 9LM, EV 94.4 MPH)
|
|
Batting: RHB Devon House
|
0-0: Foul Ball, location: 2F 0-1: Ball 1-1: Ball 2-1: Fly out, F9 (Flyball, 9LS, EV 85.0 MPH)
|
|
Batting: LHB Danny Salas
|
0-0: Fly out, F7 (Flyball, 7LM, EV 88.8 MPH)
|
| Top of the 3rd over - 0 runs, 0 hits, 0 errors, 0 left on base; Roswell 0 - Americus 2 |
| BOTTOM OF THE 3RD |
|
Americus Braves batting - Pitching for Roswell Invaders : RHP Toshihiro Nagao
|
|
Batting: RHB Carlos Livas
|
0-0: Called Strike 0-1: Ball 1-1: Ball 2-1: Ball 3-1: Base on Balls
|
|
Batting: LHB Mitsujiro Tanaka
|
0-0: Ball 1-0: Swinging Strike 1-1: Fielders Choice at 2nd, 4-6 (Groundball, 34, EV 76.2 MPH)
|
|
Batting: SHB Karl Starnes
|
0-0: Called Strike 0-1: Foul Ball, location: 2F 0-2: Ball 1-2: SINGLE (Line Drive, 8LS, EV 88.8 MPH) Mitsujiro Tanaka to second
|
|
Batting: RHB Costantino Dolfini
|
0-0: Foul Ball, location: 2F 0-1: Foul Ball, location: 2F 0-2: Foul Ball, location: 2F 0-2: Ball 1-2: Foul Ball, location: 2F 1-2: Foul Ball, location: 2F 1-2: Ball 2-2: Fielders Choice at 2nd, 4-6 (Groundball, 34, EV 86.2 MPH) Mitsujiro Tanaka to third
|
|
Batting: RHB Yutaka Yamane
|
0-0: Ball 1-0: Foul Ball, location: 2F 1-1: Ball 2-1: Foul Ball, location: 2F 2-2: Strikes out looking
|
| Bottom of the 3rd over - 0 runs, 1 hit, 0 errors, 2 left on base; Roswell 0 - Americus 2 |
| TOP OF THE 4TH |
|
Roswell Invaders batting - Pitching for Americus Braves : LHP Jose Ruiz
|
|
Batting: RHB Hector Tabares
|
0-0: Ball 1-0: Called Strike 1-1: Ball 2-1: Called Strike 2-2: Fly out, F7 (Flyball, 78M, EV 93.1 MPH)
|
|
Batting: RHB Cesar Rendon
|
0-0: Foul Ball, location: 2F 0-1: Ball 1-1: Ball 2-1: Ground out 4-3 (Groundball, 34D, EV 100.0 MPH)
|
|
Batting: RHB Jimmy McIntosh
|
0-0: Ball 1-0: Fly out, F7 (Flyball, 7S, EV 79.4 MPH)
|
| Top of the 4th over - 0 runs, 0 hits, 0 errors, 0 left on base; Roswell 0 - Americus 2 |
| BOTTOM OF THE 4TH |
|
Americus Braves batting - Pitching for Roswell Invaders : RHP Toshihiro Nagao
|
|
Batting: LHB Ivan Castillo
|
0-0: Bunt missed! 0-1: SINGLE (Line Drive, 7S, EV 91.9 MPH)
|
|
Batting: RHB Danny Dimas
|
0-0: Ball 1-0: Ball 2-0: Foul Ball, location: 2F 2-1: Ball 3-1: Fly out, F8 (Flyball, 8LD, EV 92.5 MPH)
|
|
Batting: RHB Paul Holland
|
0-0: Called Strike Ivan Castillo is caught stealing 2nd base 2-4 0-1: Ground out 6-3 (Groundball, 6, EV 99.4 MPH)
|
| Bottom of the 4th over - 0 runs, 1 hit, 0 errors, 0 left on base; Roswell 0 - Americus 2 |
| TOP OF THE 5TH |
|
Roswell Invaders batting - Pitching for Americus Braves : LHP Jose Ruiz
|
|
Batting: LHB Falco van Koeveringe
|
0-0: Ball 1-0: Ball 2-0: Foul Ball, location: 2F 2-1: Fly out, F8 (Line Drive, 8RM, EV 92.5 MPH)
|
|
Batting: RHB John Ricketts
|
0-0: Called Strike 0-1: Foul Ball, location: 2F 0-2: Ball 1-2: Foul Ball, location: 2F 1-2: Ball 2-2: Foul Ball, location: 2F 2-2: Foul Ball, location: 2F 2-2: DOUBLE (Line Drive, 9LM, EV 110.6 MPH)
|
|
Batting: RHB David Powell
|
0-0: Called Strike 0-1: Ball 1-1: Called Strike 1-2: Ball 2-2: Strikes out looking
|
|
Batting: LHB Angelo Lira
|
0-0: Ball 1-0: Called Strike 1-1: Ball 2-1: Swinging Strike 2-2: Strikes out swinging
|
| Top of the 5th over - 0 runs, 1 hit, 0 errors, 1 left on base; Roswell 0 - Americus 2 |
| BOTTOM OF THE 5TH |
|
Americus Braves batting - Pitching for Roswell Invaders : RHP Toshihiro Nagao
|
|
Batting: RHB Roberto Rios
|
0-0: Ball 1-0: Foul Ball, location: 2F 1-1: Fly out, F4 (Line Drive, 4M, EV 73.1 MPH)
|
|
Batting: RHB Carlos Livas
|
0-0: Ball 1-0: Ball 2-0: Ball 3-0: Base on Balls
|
|
Batting: LHB Mitsujiro Tanaka
|
0-0: Called Strike 0-1: DOUBLE (Flyball, 8LXD, EV 96.9 MPH) Carlos Livas to third Runner from 3rd tries for Home, SAFE, throw by CF to home
|
|
Batting: SHB Karl Starnes
|
0-0: Swinging Strike 0-1: Called Strike 0-2: Ball 1-2: Ball 2-2: Ball 3-2: Base on Balls
|
|
Batting: RHB Costantino Dolfini
|
0-0: Ball 1-0: Ball 2-0: Foul Ball, location: 2F 2-1: Called Strike 2-2: Ball 3-2: Grounds into double play, 6-4-3 (Groundball, 6, EV 109.4 MPH)
|
| Bottom of the 5th over - 1 run, 1 hit, 0 errors, 1 left on base; Roswell 0 - Americus 3 |
| TOP OF THE 6TH |
|
Roswell Invaders batting - Pitching for Americus Braves : LHP Jose Ruiz
|
|
Batting: RHB Devon House
|
0-0: Called Strike 0-1: Ball 1-1: Called Strike 1-2: Ball 2-2: Foul Ball, location: 2F 2-2: Ball 3-2: Base on Balls
|
|
Batting: LHB Danny Salas
|
0-0: Foul Ball, location: 2F 0-1: Ball 1-1: Called Strike 1-2: 2-RUN HOME RUN (Flyball, 9LD, EV 98.1 MPH), Distance : 375 ft
|
|
Batting: RHB Hector Tabares
|
0-0: Ball 1-0: Called Strike 1-1: Called Strike 1-2: Ball 2-2: Strikes out swinging
|
|
Batting: RHB Cesar Rendon
|
0-0: Called Strike 0-1: Swinging Strike 0-2: Foul Ball, location: 2F 0-2: Fly out, F8 (Flyball, 8RD, EV 94.4 MPH)
|
|
Batting: RHB Jimmy McIntosh
|
0-0: Ball 1-0: Called Strike 1-1: Swinging Strike 1-2: Strikes out swinging, 2-3 out at first.
|
| Top of the 6th over - 2 runs, 1 hit, 0 errors, 0 left on base; Roswell 2 - Americus 3 |
| BOTTOM OF THE 6TH |
|
Americus Braves batting - Pitching for Roswell Invaders : RHP Toshihiro Nagao
|
|
Pitching: LHP Sam Davis
|
|
|
Batting: RHB Yutaka Yamane
|
0-0: Fly out, F8 (Flyball, 8RD, EV 95.0 MPH)
|
|
Batting: LHB Ivan Castillo
|
0-0: Ball 1-0: Called Strike 1-1: Ball 2-1: Foul Ball, location: 2F 2-2: Fly out, F8 (Flyball, 8LD, EV 96.9 MPH)
|
|
Batting: RHB Danny Dimas
|
0-0: Bunt for hit to 13 - play at first, batter OUT! 1-3
|
| Bottom of the 6th over - 0 runs, 0 hits, 0 errors, 0 left on base; Roswell 2 - Americus 3 |
|